[Event "Titled Tuesday Blitz June 21 Early 2022"]
[White "Khabinets, Ivan"]
[Black "Rosenberg, Evan S"]
[WhiteFideId "14115980"]
[BlackFideId "2019299"]
[WhiteElo "2114"]
[BlackElo "2375"]
[Result "1-0"]
[Round "07"]
[TimeControl "180+1"]
[Date "2022.06.22"]
[WhiteClock "0:00:46"]
[BlackClock "0:00:09"]

1. c4 e6 2. g3 Nf6 3. Bg2 d5 4. d4 Bb4+ 5. Nd2 O-O 6. Nf3 dxc4 7. O-O Bxd2 8. Bxd2 b5 9. Ne5 Nd5 10. a4 c6 11. e4 Nf6 12. Bb4 Re8 13. b3 cxb3 14. Qxb3 Qxd4 15. Bc3 Qb6 16. Rab1 Nbd7 17. Nxd7 Bxd7 18. Rfd1 e5 19. Qb2 Bg4 20. Re1 Rad8 21. Bxe5 h5 22. h3 Be6 23. Bxf6 gxf6 24. Qxf6 Rd2 25. Qg5+ Kf8 26. Qxd2 Rd8 27. Qh6+ Ke7 28. Qg5+ f6 29. Qg7+ Bf7 30. e5 Rd2 31. exf6+ Kd7 32. Qxf7+ 1-0


[Site "https://www.chess.com"]

[Event "Titled Tuesday Blitz June 21 Early 2022"]
[White "Khan, Taffin"]
[Black "Ciuffoletti, Paolo"]
[WhiteFideId "19700024"]
[BlackFideId "807630"]
[WhiteElo "2129"]
[BlackElo "2143"]
[Result "0-1"]
[Round "07"]
[TimeControl "180+1"]
[Date "2022.06.22"]
[WhiteClock "0:00:01"]
[BlackClock "0:00:14"]

1. e4 c5 2. Nf3 Nc6 3. c3 d5 4. exd5 Qxd5 5. Na3 Nf6 6. Bc4 Qd8 7. O-O e6 8. Nc2 a6 9. d4 b5 10. Be2 c4 11. a4 Bb7 12. axb5 axb5 13. Rxa8 Bxa8 14. Bf4 Nd5 15. Bg3 Bd6 16. Bxd6 Qxd6 17. Ne3 Nf4 18. Qd2 O-O 19. Rd1 Ne7 20. Ng4 Neg6 21. Nge5 f6 22. Nxg6 hxg6 23. Qe3 g5 24. Bf1 Bd5 25. g3 Ng6 26. Nd2 Ne7 27. Bg2 Ra8 28. Ne4 Qc6 29. f3 Nf5 30. Qe2 Ra2 31. Nc5 Kf7 32. Re1 Qb6 33. Kh1 b4 34. f4 Bxg2+ 35. Qxg2 bxc3 36. fxg5 fxg5 37. g4 Rxb2 0-1


[Site "https://www.chess.com"]

[Event "Titled Tuesday Blitz June 21 Early 2022"]
[White "Kobalia, Mikhail"]
[Black "Sadhwani, Raunak"]
[WhiteFideId "4119150"]
[BlackFideId "35093487"]
[WhiteElo "2667"]
[BlackElo "2616"]
[Result "0-1"]
[Round "07"]
[TimeControl "180+1"]
[Date "2022.06.21"]
[WhiteClock "0:00:15"]
[BlackClock "0:01:31"]

1. e4 e5 2. Nf3 Nc6 3. Bb5 Nge7 4. O-O Ng6 5. c3 a6 6. Ba4 d5 7. exd5 Qxd5 8. d4 Bg4 9. dxe5 O-O-O 10. Qxd5 Rxd5 11. Nbd2 Ncxe5 12. Nxe5 Nxe5 13. Bb3 Rd7 14. Ne4 Nd3 15. f3 Bf5 16. Rb1 Bxe4 17. fxe4 Bc5+ 18. Kh1 Nf2+ 19. Kg1 Nxe4+ 20. Kh1 Nf2+ 21. Kg1 Re8 22. h4 Re4 23. g3 Re2 24. Kg2 Rde7 25. Kf3 h5 26. Bg5 f6 27. Bf4 Ng4 0-1


[Site "https://www.chess.com"]

[Event "Titled Tuesday Blitz June 21 Early 2022"]
[White "Kowalysko, Roman"]
[Black "Lorne, Ras Malaku"]
[WhiteFideId "30918510"]
[BlackFideId "7400330"]
[WhiteElo "2126"]
[BlackElo "2199"]
[Result "1-0"]
[Round "07"]
[TimeControl "180+1"]
[Date "2022.06.22"]
[WhiteClock "0:00:44"]
[BlackClock "0:00:44"]

1. e4 c6 2. Nf3 d5 3. exd5 cxd5 4. Ne5 Nc6 5. d4 Qb6 6. c4 Qxd4 7. Qxd4 Nxd4 8. cxd5 a6 9. Na3 Bf5 10. Be3 Nc2+ 11. Nxc2 Bxc2 12. Rc1 Be4 13. Bc4 f6 14. Nf3 b5 15. Bb3 Rd8 16. Rd1 Nh6 17. O-O Nf5 18. Rfe1 Nd6 19. Bc5 Bxf3 20. gxf3 Kd7 21. a4 h5 22. Bxd6 exd6 23. axb5 axb5 24. Ra1 Rc8 25. Ra7+ Rc7 26. Ra5 Rb7 27. Bc2 Be7 28. Bf5+ Kd8 29. Ra8+ 1-0


[Site "https://www.chess.com"]

[Event "Titled Tuesday Blitz June 21 Early 2022"]
[White "Kozlov, Oleg"]
[Black "Namitbir Singh Walia"]
[WhiteFideId "4104544"]
[BlackFideId "35071068"]
[WhiteElo "2132"]
[BlackElo "1565"]
[Result "1-0"]
[Round "07"]
[TimeControl "180+1"]
[Date "2022.06.22"]
[WhiteClock "0:00:43"]
[BlackClock "0:00:07"]

1. d4 Nf6 2. c4 c5 3. d5 d6 4. Nc3 e5 5. e4 g6 6. f4 exf4 7. Bxf4 Bg7 8. Nf3 O-O 9. Bd3 Ng4 10. O-O Ne5 11. Nxe5 dxe5 12. Be3 b6 13. Rb1 Na6 14. a3 f5 15. b4 f4 16. Bf2 f3 17. gxf3 Bh3 18. Re1 Qg5+ 19. Bg3 h5 20. Qc1 Qf6 21. Be2 h4 22. Bf2 Kh7 23. Be3 Rf7 24. Nb5 Raf8 25. Bg5 Bh6 26. Bxh6 g5 27. Bxf8 Rxf8 28. Kh1 g4 29. Rb3 g3 30. Bf1 Bd7 31. f4 exf4 32. e5 Qg6 33. e6 f3 34. hxg3 hxg3 35. Bd3 Rf5 36. Bxf5 Qxf5 37. Qb1 g2+ 38. Kh2 1-0


[Site "https://www.chess.com"]

[Event "Titled Tuesday Blitz June 21 Early 2022"]
[White "Kucuksari, Kaan"]
[Black "Sethuraman, S.P."]
[WhiteFideId "6380166"]
[BlackFideId "5021596"]
[WhiteElo "2305"]
[BlackElo "2473"]
[Result "0-1"]
[Round "07"]
[TimeControl "180+1"]
[Date "2022.06.22"]
[WhiteClock "0:00:28"]
[BlackClock "0:01:39"]

1. d4 g6 2. c4 Bg7 3. Nf3 f5 4. g3 Nf6 5. Bg2 O-O 6. O-O d6 7. Nc3 c6 8. Rb1 Ne4 9. Qc2 Nxc3 10. Qxc3 e5 11. dxe5 dxe5 12. Nxe5 Nd7 13. f4 Qe7 14. Kh1 Nxe5 15. fxe5 Bxe5 16. Bg5 Bxc3 17. Bxe7 Re8 18. Bd6 Be5 19. Rbd1 Bxb2 20. e4 fxe4 21. Bxe4 Rxe4 22. Rf8+ Kg7 23. Rdf1 Kh6 24. Bf4+ g5 25. Bd6 Bh3 26. Rxa8 Bxf1 27. Kg1 Bxc4 28. Kf2 Bd5 29. h3 Bd4+ 30. Kf1 Kg6 31. Rf8 Bc4+ 32. Kg2 Re2+ 0-1


[Site "https://www.chess.com"]

[Event "Titled Tuesday Blitz June 21 Early 2022"]
[White "Kvaloy, Aksel Bu"]
[Black "Fromm, Marius"]
[WhiteFideId "1528815"]
[BlackFideId "12993190"]
[WhiteElo "2006"]
[BlackElo "2274"]
[Result "1/2-1/2"]
[Round "07"]
[TimeControl "180+1"]
[Date "2022.06.22"]
[WhiteClock "0:00:04"]
[BlackClock "0:00:06"]

1. e4 c5 2. Nf3 d6 3. d4 cxd4 4. Nxd4 Nf6 5. Nc3 a6 6. h4 e5 7. Nb3 Be7 8. Be2 Be6 9. f4 Qc7 10. f5 Bd7 11. g4 Bc6 12. Bf3 h6 13. g5 hxg5 14. hxg5 Rxh1+ 15. Bxh1 Ng8 16. Be3 Nd7 17. Qd2 Nb6 18. Qe2 Na4 19. Nxa4 Bxa4 20. O-O-O O-O-O 21. Kb1 Kb8 22. Qh5 Bf8 23. Bf3 Rc8 24. Rc1 Qc4 25. Qg4 Ne7 26. Be2 Qc7 27. Bd3 Nc6 28. a3 Na5 29. Nxa5 Qxa5 30. Qh5 Qc7 31. b3 Be8 32. Qe2 d5 33. exd5 Bxa3 34. Re1 f6 35. g6 Bb4 36. Rh1 Qa5 37. Bc1 Qxd5 38. Rh7 Qd7 39. Bh6 Bf8 40. Rh8 Ba3 41. Rh7 Qd4 42. Bc1 Bxc1 43. Kxc1 Qa1+ 44. Kd2 Qc3+ 45. Kc1 Qa1+ 46. Kd2 Rc7 47. Rh8 Rc8 48. Rh7 1/2-1/2


[Site "https://www.chess.com"]

[Event "Titled Tuesday Blitz June 21 Early 2022"]
[White "Lagno, Kateryna"]
[Black "Samadov, Read"]
[WhiteFideId "14109336"]
[BlackFideId "13417444"]
[WhiteElo "2522"]
[BlackElo "2084"]
[Result "1-0"]
[Round "07"]
[TimeControl "180+1"]
[Date "2022.06.22"]
[WhiteClock "0:00:16"]
[BlackClock "0:00:02"]

1. e4 c5 2. Nf3 d6 3. d4 cxd4 4. Nxd4 Nf6 5. Nc3 a6 6. Be3 e5 7. Nf3 Be7 8. Nd2 b5 9. a4 b4 10. Nd5 Nxd5 11. exd5 O-O 12. Nc4 Nd7 13. a5 f5 14. Be2 Nf6 15. Nb6 Rb8 16. Bd2 Rxb6 17. axb6 Qxb6 18. O-O f4 19. c3 bxc3 20. Bxc3 Kh8 21. Ba5 Qxb2 22. Bc4 Bf5 23. Qd2 Qb7 24. f3 Rc8 25. Qe2 Nxd5 26. Bxa6 Qa7+ 27. Kh1 Ra8 28. Bd2 Nc7 29. Bxf4 Nxa6 30. Be3 Qb7 31. Rfc1 h6 32. Qd2 Kh7 33. Qa5 Nc7 34. Qd2 Rxa1 35. Rxa1 Nd5 36. Bf2 Bg5 37. Qe1 Nf4 38. h4 Bf6 39. Qd2 d5 40. Ra7 Qb1+ 41. Kh2 Qb8 42. Qa5 e4 43. Bg3 e3 44. Ra8 Qe5 45. Qb4 e2 46. h5 d4 47. Qf8 g6 48. Qg8# 1-0


[Site "https://www.chess.com"]

[Event "Titled Tuesday Blitz June 21 Early 2022"]
[White "Lauridsen, Jesper Morch"]
[Black "Silvestre, Christian"]
[WhiteFideId "1401890"]
[BlackFideId "30956269"]
[WhiteElo "2222"]
[BlackElo "2437"]
[Result "1-0"]
[Round "07"]
[TimeControl "180+1"]
[Date "2022.06.22"]
[WhiteClock "0:01:01"]
[BlackClock "0:01:23"]

1. e4 c6 2. d4 d5 3. exd5 cxd5 4. c4 dxc4 5. Nc3 Nf6 6. Bxc4 e6 7. Nf3 g6 8. Bg5 Bg7 9. Qa4+ Bd7 10. Qa3 Bc6 11. d5 exd5 12. O-O-O Bf8 13. Rhe1+ Kd7 14. Qb3 Be7 15. Bxd5 Bxd5 16. Nxd5 1-0


[Site "https://www.chess.com"]

[Event "Titled Tuesday Blitz June 21 Early 2022"]
[White "Lazavik, Denis"]
[Black "Bharath Subramaniyam H"]
[WhiteFideId "13515110"]
[BlackFideId "46634827"]
[WhiteElo "2437"]
[BlackElo "2242"]
[Result "1-0"]
[Round "07"]
[TimeControl "180+1"]
[Date "2022.06.21"]
[WhiteClock "0:00:10"]
[BlackClock "0:00:01"]

1. d4 Nf6 2. c4 e6 3. Nf3 c5 4. d5 d6 5. Nc3 exd5 6. cxd5 g6 7. h3 Bg7 8. e4 O-O 9. Bd3 a6 10. a4 Nbd7 11. O-O Re8 12. Re1 Ne5 13. Nxe5 Rxe5 14. Bf4 Nh5 15. Bh2 Qh4 16. Qf3 Rg5 17. Kh1 Be5 18. Bf1 Bg4 19. Qe3 Bd4 20. Bg3 Nxg3+ 21. Qxg3 Qxg3 22. fxg3 Bd7 23. g4 Re5 24. Bd3 Rb8 25. a5 Rbe8 26. Rab1 f5 27. gxf5 gxf5 28. Re2 f4 29. Rf1 Rf8 30. Rc2 Rh5 31. Kh2 f3 32. Rxf3 Rxf3 33. gxf3 Bxh3 34. Kg3 Bd7 35. Bf1 Rh1 36. Bg2 Ra1 37. Bh3 Bxh3 38. Kxh3 Rxa5 39. f4 Ra1 40. Kg4 b5 41. Kf5 b4 42. Ne2 Bg7 43. Ke6 b3 44. Rd2 Ra2 45. e5 dxe5 46. d6 exf4 47. d7 1-0


[Site "https://www.chess.com"]

[Event "Titled Tuesday Blitz June 21 Early 2022"]
[White "Li, Zhuoling"]
[Black "Sadykov, Ramil"]
[WhiteFideId "8605629"]
[BlackFideId "24113590"]
[WhiteElo "2307"]
[BlackElo "2226"]
[Result "0-1"]
[Round "07"]
[TimeControl "180+1"]
[Date "2022.06.22"]
[WhiteClock "0:01:03"]
[BlackClock "0:01:50"]

1. e4 c5 2. Nf3 Nc6 3. Bb5 g6 4. O-O Bg7 5. Bxc6 dxc6 6. h3 Nh6 7. d3 f6 8. a4 a5 9. Be3 b6 10. Nbd2 O-O 11. Nc4 Nf7 12. Qd2 e5 13. Nh2 Be6 14. b3 f5 15. f3 f4 16. Bf2 h5 17. Rad1 g5 18. c3 b5 19. axb5 cxb5 20. Nb2 Bxb3 21. Bxc5 Bxd1 22. Bxf8 Bxf8 23. Rxd1 a4 24. d4 a3 25. Nd3 exd4 26. cxd4 Qxd4+ 27. Qf2 Qxf2+ 28. Kxf2 a2 29. Ra1 Bg7 0-1


[Site "https://www.chess.com"]

[Event "Titled Tuesday Blitz June 21 Early 2022"]
[White "Luo, Terry"]
[Black "Sapunov, Evgeny"]
[WhiteFideId "30931045"]
[BlackFideId "4126661"]
[WhiteElo "2024"]
[BlackElo "2470"]
[Result "0-1"]
[Round "07"]
[TimeControl "180+1"]
[Date "2022.06.22"]
[WhiteClock "0:00:03"]
[BlackClock "0:00:13"]

1. d4 Nf6 2. c4 g6 3. Nc3 Bg7 4. e4 O-O 5. Nf3 d6 6. Be2 e5 7. O-O Nc6 8. d5 Ne7 9. Ne1 Nd7 10. Be3 f5 11. f3 f4 12. Bf2 g5 13. Rc1 Ng6 14. c5 Nxc5 15. b4 Na6 16. Nb5 Bd7 17. Nxa7 Qb8 18. Nb5 Bxb5 19. Bxb5 Nxb4 20. a4 Rf7 21. Nd3 Na6 22. Qb3 h5 23. Rb1 g4 24. Nb4 Nxb4 25. Qxb4 Qd8 26. Be2 g3 27. Be1 gxh2+ 28. Kh1 b6 29. Bb5 Bf6 30. Bc6 Ra7 31. Qb5 Bh4 32. a5 Bxe1 33. axb6 cxb6 34. Rfxe1 Nh4 35. Qxb6 Qxb6 36. Rxb6 Ra2 37. Rb8+ Kh7 38. Be8 Rg7 39. Bxh5 Rgxg2 40. Bg4 Rgb2 41. Rxb2 Rxb2 42. Rc1 Kh6 43. Rc6 Kg5 44. Rxd6 Ng2 45. Kxh2 Ne3+ 46. Kg1 Kh4 47. Rc6 Kg3 48. Rc1 Rd2 49. Be6 Kxf3 50. Rc8 Kxe4 51. Rg8 f3 0-1


[Site "https://www.chess.com"]

[Event "Titled Tuesday Blitz June 21 Early 2022"]
[White "Malyi, Viacheslav"]
[Black "Melikhov, Evgeny V."]
[WhiteFideId "14123983"]
[BlackFideId "4122046"]
[WhiteElo "2270"]
[BlackElo "1904"]
[Result "1/2-1/2"]
[Round "07"]
[TimeControl "180+1"]
[Date "2022.06.22"]
[WhiteClock "0:00:04"]
[BlackClock "0:00:16"]

1. e4 e5 2. Nf3 Nc6 3. Bb5 a6 4. Ba4 Nf6 5. O-O Nxe4 6. d4 b5 7. Bb3 d5 8. dxe5 Be6 9. Nbd2 Bc5 10. c3 O-O 11. Bc2 Nxf2 12. Rxf2 f6 13. exf6 Bxf2+ 14. Kxf2 Qxf6 15. Nb3 Ne5 16. Kg1 Nxf3+ 17. Qxf3 Qxf3 18. gxf3 Bh3 19. Kf2 g6 20. Be3 Bf5 21. Bd1 c6 22. Nc5 a5 23. a3 a4 24. Be2 h5 25. h4 Rae8 26. Rg1 Kh7 27. Nb7 Re6 28. Nc5 Re7 29. Bd4 Rfe8 30. Bd1 Rf8 31. Be2 Rfe8 32. Bd1 Rf8 33. Rh1 Rfe8 34. Na6 Bc2 35. Bxc2 Re2+ 36. Kg3 Rxc2 37. Nb4 Rxb2 38. Nxc6 Rb3 39. Ra1 Re2 40. Ne5 Rbb2 41. Kf4 Ra2 42. Rb1 Reb2 43. Rg1 Rg2 44. Rb1 Rgb2 45. Rg1 Rg2 46. Rb1 Rgb2 1/2-1/2


[Site "https://www.chess.com"]

[Event "Titled Tuesday Blitz June 21 Early 2022"]
[White "Martin Carmona, Gaston Manuel"]
[Black "Estrada Nieto, Julian"]
[WhiteFideId "22284567"]
[BlackFideId "5101018"]
[WhiteElo "2162"]
[BlackElo "2252"]
[Result "0-1"]
[Round "07"]
[TimeControl "180+1"]
[Date "2022.06.22"]
[WhiteClock "0:00:12"]
[BlackClock "0:00:20"]

1. d4 d5 2. c4 dxc4 3. Nf3 Nf6 4. e3 e6 5. Bxc4 a6 6. O-O c5 7. e4 cxd4 8. e5 Nd5 9. Qxd4 Nc6 10. Qg4 h5 11. Qg3 h4 12. Qg4 h3 13. gxh3 b5 14. Bb3 Qc7 15. Nbd2 Nxe5 16. Nxe5 Qxe5 17. Nf3 Qh5 18. Re1 Qxg4+ 19. hxg4 Bb7 20. Ne5 Bd6 21. Bd2 Rc8 22. a4 f6 23. Nf3 Kf7 24. axb5 axb5 25. Ra7 Rc7 26. Nd4 Bxh2+ 27. Kf1 Be5 28. Nxb5 Re7 29. Kg1 Nf4 30. Rxe5 Rh1# 0-1


[Site "https://www.chess.com"]

[Event "Titled Tuesday Blitz June 21 Early 2022"]
[White "Martin, Lewis"]
[Black "Yaksin, Oleg"]
[WhiteFideId "410551"]
[BlackFideId "24105880"]
[WhiteElo "2145"]
[BlackElo "2256"]
[Result "0-1"]
[Round "07"]
[TimeControl "180+1"]
[Date "2022.06.22"]
[WhiteClock "0:00:10"]
[BlackClock "0:00:19"]

1. e4 c5 2. Nf3 d6 3. d4 cxd4 4. Nxd4 Nf6 5. Nc3 Nc6 6. Bg5 e6 7. Qd2 Be7 8. f4 Qb6 9. O-O-O Nxd4 10. Qxd4 Qxd4 11. Rxd4 a6 12. h3 Bd7 13. g4 Bc6 14. Bg2 h6 15. Bh4 e5 16. fxe5 dxe5 17. Rd3 Nd7 18. Bxe7 Kxe7 19. Nd5+ Bxd5 20. exd5 Kd6 21. c4 Rhc8 22. Rc3 b5 23. b3 bxc4 24. bxc4 Nb6 25. Kc2 Rxc4 26. Rxc4 Nxc4 27. Rc1 Rc8 28. Kb1 Rc5 29. a4 Ne3 30. Rxc5 Kxc5 31. Be4 Nxd5 32. Kc2 Kd4 33. Bh7 a5 34. Kd2 Nf4 35. h4 f6 36. Bc2 e4 37. Ke1 e3 38. Bd1 Ng2+ 39. Kf1 Nxh4 40. Ke2 Ng6 41. Kf3 Ne5+ 42. Kf4 Nd3+ 43. Kf3 g5 44. Bc2 Ne1+ 0-1


[Site "https://www.chess.com"]

[Event "Titled Tuesday Blitz June 21 Early 2022"]
[White "Martinez Alcantara, Jose Eduardo"]
[Black "Rohith Krishna S"]
[WhiteFideId "3805662"]
[BlackFideId "46617051"]
[WhiteElo "2703"]
[BlackElo "2117"]
[Result "1-0"]
[Round "07"]
[TimeControl "180+1"]
[Date "2022.06.21"]
[WhiteClock "0:00:10"]
[BlackClock "0:00:26"]

1. e4 e5 2. Nf3 Nc6 3. Bb5 Nf6 4. d3 Bc5 5. O-O d6 6. c3 a6 7. Bxc6+ bxc6 8. d4 exd4 9. cxd4 Ba7 10. Qc2 O-O 11. Qxc6 Rb8 12. Qc2 Re8 13. Bg5 h6 14. Bxf6 Qxf6 15. Qxc7 Rb7 16. Qc6 Rbe7 17. Nc3 Bg4 18. Nd5 Qg6 19. Nxe7+ Rxe7 20. Qc3 Rxe4 21. Rfe1 Rf4 22. Re8+ Kh7 23. Re3 Bb6 24. Kh1 Bf5 25. g3 Rg4 26. Rae1 Qh5 27. Kg1 Bg6 28. b4 Qh3 29. Qc4 Bd8 30. Qxa6 d5 31. Ne5 Be4 32. Rxe4 Rxe4 33. Rxe4 dxe4 34. Qa8 Qf5 35. Qxd8 e3 36. fxe3 Qb1+ 37. Kg2 Qc2+ 38. Kf1 Qd1+ 39. Kf2 Qc2+ 40. Kf3 Qf5+ 41. Kg2 Qc2+ 42. Kh3 Qf5+ 43. g4 Qf1+ 44. Kg3 Qg1+ 45. Kf3 Qf1+ 46. Ke4 Qh1+ 47. Kd3 Qf1+ 48. Kc2 Qe2+ 49. Kc3 Qxe3+ 50. Nd3 Qg1 51. Qa5 Qxh2 52. Qf5+ Kg8 53. Qc8+ Kh7 54. Qf5+ Kg8 55. Qe5 Qh1 56. Qe8+ Kh7 57. Qe1 Qc6+ 58. Kd2 Qa4 59. Qe4+ g6 60. Qd5 Kg7 61. Qb3 Qc6 62. b5 Qg2+ 63. Kc3 Qxg4 64. b6 Qc8+ 65. Nc5 Qh3+ 66. Kc4 Qf1+ 67. Kd5 Qh1+ 68. Kd6 Qh2+ 69. Kd7 Qf2 70. Qd5 h5 71. b7 Qb2 72. Qe5+ Kh6 73. Qf4+ g5 74. Qd6+ Kh7 75. b8=Q Qxb8 76. Qxb8 h4 77. a4 Kg6 78. Qb7 Kh5 79. a5 Kg4 80. a6 f5 81. a7 f4 82. a8=Q Kg3 83. Qg2# 1-0


[Site "https://www.chess.com"]

[Event "Titled Tuesday Blitz June 21 Early 2022"]
[White "Matinian, Nikita"]
[Black "Alinasab, Mobina"]
[WhiteFideId "24129100"]
[BlackFideId "12528897"]
[WhiteElo "2422"]
[BlackElo "2031"]
[Result "1/2-1/2"]
[Round "07"]
[TimeControl "180+1"]
[Date "2022.06.21"]
[WhiteClock "0:00:07"]
[BlackClock "0:00:08"]

1. e4 c5 2. Nc3 e6 3. g3 d5 4. exd5 exd5 5. Bg2 Nf6 6. d4 h6 7. Nge2 cxd4 8. Nxd4 Bb4 9. O-O Bxc3 10. bxc3 O-O 11. Rb1 Nc6 12. Ba3 Re8 13. Nxc6 bxc6 14. h3 Ba6 15. Re1 Bc4 16. Rb7 Ne4 17. Bxe4 Rxe4 18. Rxe4 dxe4 19. Qd4 Qxd4 20. cxd4 Bxa2 21. Kf1 a5 22. Ke2 a4 23. Ke3 Bd5 24. Rc7 Ra6 25. h4 h5 26. Kf4 Kh7 27. Kg5 Rb6 28. Ra7 Rb1 29. Rxa4 Rf1 30. c4 Be6 31. d5 cxd5 32. cxd5 Bxd5 33. Bc5 f6+ 34. Kf4 Kg6 35. Ra7 Rc1 36. Bf8 Bf7 37. Kxe4 Rc2 38. f3 Rc8 39. Be7 Rc4+ 40. Ke3 Rc3+ 41. Ke4 Rc4+ 42. Kd3 Rc6 43. Ra5 Rc7 44. Bf8 Be6 45. Ke3 Rc3+ 46. Ke2 Rc7 47. Bc5 Bc4+ 48. Ke3 Be6 49. Kf4 Rd7 50. g4 hxg4 51. fxg4 Rd5 52. h5+ Kh7 53. Ke4 Bf7 54. Rb5 Re5+ 55. Kf4 Rd5 56. Ra5 Be6 57. Bb6 Rxa5 58. Bxa5 Kh6 59. Bd2 Bf7 60. Kf5+ Kh7 61. Bb4 Be8 62. Kf4 Bd7 63. g5 fxg5+ 64. Kxg5 Be8 65. Bf8 Bxh5 66. Kxh5 Kg8 67. Bxg7 1/2-1/2


[Site "https://www.chess.com"]

[Event "Titled Tuesday Blitz June 21 Early 2022"]
[White "Migot, Tangi"]
[Black "Wagner, Dennis"]
[WhiteFideId "662445"]
[BlackFideId "24650684"]
[WhiteElo "2514"]
[BlackElo "2355"]
[Result "0-1"]
[Round "07"]
[TimeControl "180+1"]
[Date "2022.06.21"]
[WhiteClock "0:00:06"]
[BlackClock "0:00:08"]

1. d4 Nf6 2. c4 g6 3. Nc3 d5 4. cxd5 Nxd5 5. e4 Nxc3 6. bxc3 Bg7 7. Qa4+ Nd7 8. Ba3 O-O 9. Rd1 b6 10. Nf3 Bb7 11. Bd3 Nf6 12. Qc2 c5 13. Qe2 Qc7 14. O-O e6 15. Qe3 Rfd8 16. Rfe1 Rac8 17. dxc5 bxc5 18. Bb1 Rxd1 19. Rxd1 Ng4 20. Qg5 Ne5 21. Nxe5 Bxe5 22. h4 Bxc3 23. h5 Bd4 24. Rxd4 cxd4 25. Qf6 Qd8 26. Be7 Qa5 27. g4 Qe1+ 28. Kh2 Rc1 29. Ba3 Qh1+ 30. Kg3 Rg1+ 31. Kf4 Qh2+ 32. Kg5 Qxh5+ 33. Kf4 Rxg4+ 34. Kf3 Rxe4+ 35. Kg3 Rg4# 0-1


[Site "https://www.chess.com"]

[Event "Titled Tuesday Blitz June 21 Early 2022"]
[White "Mirzoev, Azer"]
[Black "Toncheva, Nadya"]
[WhiteFideId "13400304"]
[BlackFideId "2924056"]
[WhiteElo "2525"]
[BlackElo "1888"]
[Result "1-0"]
[Round "07"]
[TimeControl "180+1"]
[Date "2022.06.22"]
[WhiteClock "0:00:11"]
[BlackClock "0:00:04"]

1. c4 Nf6 2. Nc3 g6 3. d4 Bg7 4. e4 d6 5. f3 O-O 6. Bg5 c6 7. Qd2 Qc7 8. Nge2 e5 9. O-O-O a6 10. Kb1 b5 11. dxe5 dxe5 12. Qd6 Qxd6 13. Rxd6 Nfd7 14. Nc1 Re8 15. Nb3 Bf8 16. Rd1 Nc5 17. Na5 Ne6 18. Be3 Bb4 19. Nb3 Nd7 20. a3 Bxc3 21. bxc3 Kf8 22. a4 bxa4 23. Na5 Rb8+ 24. Ka2 Bb7 25. g3 Ke7 26. h4 Ndc5 27. Bh3 Ba8 28. Ka3 Red8 29. Bxe6 Nxe6 30. c5 f5 31. Kxa4 Rb5 32. Rxd8 Kxd8 33. Nb3 Ke7 34. h5 Rb8 35. hxg6 hxg6 36. Rh7+ Kf6 37. Na5 Rd8 38. Ra7 g5 39. exf5 Kxf5 40. g4+ Kf6 41. Nc4 Nf8 42. Nd6 Ne6 43. Ka5 Nf4 44. Bxf4 gxf4 45. Kxa6 Ke6 46. c4 Kf6 47. Kb6 Ke6 48. g5 Rb8+ 49. Kc7 Rg8 50. Ne4 Rg7+ 51. Kb6 Rg8 52. Rh7 Kf5 53. Rf7+ Kg6 54. Rf6+ Kh5 55. Rh6# 1-0


[Site "https://www.chess.com"]

[Event "Titled Tuesday Blitz June 21 Early 2022"]
[White "Mitrovic, Darko R"]
[Black "Begunov, Konstantin"]
[WhiteFideId "927023"]
[BlackFideId "4118510"]
[WhiteElo "2150"]
[BlackElo "2262"]
[Result "1-0"]
[Round "07"]
[TimeControl "180+1"]
[Date "2022.06.22"]
[WhiteClock "0:00:06"]
[BlackClock "0:00:15"]

1. d4 d5 2. c4 c6 3. Nf3 Nf6 4. e3 a6 5. Nc3 Bg4 6. h3 Bxf3 7. Qxf3 e6 8. Bd3 Nbd7 9. O-O Bb4 10. Bd2 O-O 11. a3 Ba5 12. b4 Bc7 13. e4 dxe4 14. Nxe4 Nxe4 15. Bxe4 Nf6 16. Be3 Qd6 17. g3 Nxe4 18. Qxe4 a5 19. c5 Qd7 20. b5 Qd5 21. Qxd5 exd5 22. a4 Rfe8 23. Rfe1 Kf8 24. Kg2 Bd8 25. Rab1 Bf6 26. bxc6 bxc6 27. Rb6 Bxd4 28. Rxc6 Bc3 29. Rd1 d4 30. Bxd4 Rad8 31. Rd6 Bb4 32. Rxd8 Rxd8 33. Bxg7+ Ke8 34. Rxd8+ Kxd8 35. Bd4 Kd7 36. Kf3 Ke6 37. Ke4 f5+ 38. Kd3 Kd5 39. f3 h5 40. g4 fxg4 41. fxg4 hxg4 42. hxg4 Be1 43. g5 Ke6 44. g6 Bg3 45. g7 Kf7 46. Kc4 Bc7 47. Kb5 Bd8 48. c6 Bc7 49. Ka6 Kg8 50. Kb7 Be5 51. Bxe5 Kf7 52. Bc3 Kg8 53. Bxa5 Kf7 54. c7 Kg8 55. c8=Q+ Kh7 56. Qc7 Kg6 57. Qc6+ Kh7 58. g8=Q+ Kxg8 59. Qd7 Kf8 60. Kc6 Kg8 61. Kd6 Kf8 62. Ke6 Kg8 63. Kf6 Kh8 64. Qg7# 1-0


[Site "https://www.chess.com"]

[Event "Titled Tuesday Blitz June 21 Early 2022"]
[White "Mrudul Dehankar"]
[Black "Rios Escobar, Adan"]
[WhiteFideId "25096990"]
[BlackFideId "3403645"]
[WhiteElo "1766"]
[BlackElo "2443"]
[Result "0-1"]
[Round "07"]
[TimeControl "180+1"]
[Date "2022.06.22"]
[WhiteClock "0:00:03"]
[BlackClock "0:00:16"]

1. e4 c5 2. Nf3 d6 3. d4 cxd4 4. Nxd4 Nf6 5. Nc3 a6 6. Bg5 Nbd7 7. f4 g6 8. Qf3 Bg7 9. O-O-O O-O 10. Bc4 b5 11. Nc6 Qe8 12. Nd5 bxc4 13. Nc7 Nc5 14. Nxe8 Rxe8 15. Bxf6 Bxf6 16. e5 dxe5 17. Nxe7+ Bxe7 18. Qxa8 exf4 19. Qd5 Be6 20. Qf3 g5 21. h4 h6 22. hxg5 Bxg5 23. Rh5 Nd7 24. Qc6 Bg4 25. Rxg5+ hxg5 26. Rxd7 Re1+ 27. Kd2 Rd1+ 28. Kc3 Rxd7 29. Qf6 Rd5 30. Qxa6 Be6 31. Qa8+ Kg7 32. Qb8 Kf6 33. a4 Kf5 34. Qh8 g4 35. Qh7+ Ke5 36. Qe4+ Kxe4 0-1


[Site "https://www.chess.com"]

[Event "Titled Tuesday Blitz June 21 Early 2022"]
[White "Nasir, Zehn"]
[Black "Tan, Zhongyi"]
[WhiteFideId "2613239"]
[BlackFideId "8603642"]
[WhiteElo "1993"]
[BlackElo "2510"]
[Result "0-1"]
[Round "07"]
[TimeControl "180+1"]
[Date "2022.06.22"]
[WhiteClock "0:00:06"]
[BlackClock "0:00:14"]

1. e4 e5 2. Nf3 Nf6 3. Nc3 Nc6 4. d4 exd4 5. Nxd4 Bb4 6. Nxc6 bxc6 7. Bd3 O-O 8. O-O d5 9. exd5 cxd5 10. h3 c6 11. Qf3 Re8 12. Bf4 Bd6 13. Ne2 Rb8 14. b3 Rb7 15. c4 Rbe7 16. Rad1 Rxe2 17. Bxd6 Rxa2 18. Bc5 Be6 19. Rfe1 Qb8 20. Bd4 Qd8 21. Bb1 Ra6 22. cxd5 cxd5 23. Bxf6 Qxf6 24. Qd3 Rb6 25. Qxh7+ Kf8 26. Rxd5 Rxb3 27. Rd7 g6 28. Rxa7 Rb4 29. Ba2 Rh4 30. Rxe6 Rxe6 31. Ra8+ Ke7 32. Qg8 Re1+ 33. Kh2 Qf4+ 34. g3 Qxf2# 0-1


[Site "https://www.chess.com"]

[Event "Titled Tuesday Blitz June 21 Early 2022"]
[White "Navara, David"]
[Black "Molina, Roberto Junio Brito"]
[WhiteFideId "309095"]
[BlackFideId "2109450"]
[WhiteElo "2686"]
[BlackElo "2432"]
[Result "1-0"]
[Round "07"]
[TimeControl "180+1"]
[Date "2022.06.21"]
[WhiteClock "0:00:36"]
[BlackClock "0:00:32"]

1. d4 d5 2. c4 c6 3. Nc3 Nf6 4. e3 a6 5. Nf3 g6 6. Be2 Bg7 7. O-O O-O 8. h3 b5 9. cxd5 cxd5 10. b4 Nc6 11. a4 Bb7 12. axb5 axb5 13. Rxa8 Qxa8 14. Qb3 e6 15. Bb2 Qb8 16. Bxb5 Rc8 17. Na4 Ne4 18. Nc5 Nd6 19. Bd3 Rc7 20. Ra1 Bc8 21. b5 Ne7 22. Ba3 Ra7 23. b6 Ra8 24. Rb1 Bf8 25. Ne5 Bd7 26. Nexd7 1-0


[Site "https://www.chess.com"]